 Dungeon Crawl Stone Soup version 0.31.0-1-g2c135a0 (webtiles) character file.

Game seed: 8447348619808174652

1774781 Ultraviolent4 the Hoplite (level 27, 254/254 HPs)
             Began as an Armataur Conjurer on Jan 30, 2024.
             Was a High Priest of the Shining One.
             Escaped with the Orb
             ... and 3 runes
             ... and 1 gem on Jan 31, 2024!
             The game lasted 04:40:37 (72287 turns).

Ultraviolent4 the Hoplite (Armataur Conjurer)      Turns: 72287, Time: 04:40:37

Health: 254/254    AC: 50    Str: 35    XL:     27
Magic:  46/46      EV: 11    Int: 24    God:    the Shining One [*****.]
Gold:   7041       SH: 28    Dex:  9    Spells: 26/29 levels left

rFire   + + .        a - +6 broad axe of the Rescuing Priest {speed, rC+ Will++ Int+3}
rCold   + + +        Y - +6 tower shield
rNeg    + + .        l - +8 gold dragon scales
rPois   +            Z - +1 helmet of Responsibility {MP+9 Slay+2}
rElec   +            n - scarf {rC+ rF+}
rCorr   .            H - +2 pair of gloves "Vuurik" {rPois rF+}
SInv    .            m - +6 lightning scales {swift, rElec}
Will    +++++        X - amulet "Uhaeh" {Spirit rElec Will+ Regen+ Int+2} Stlth
                     P - +5 ring of evasion
HPRegen 1.42/turn    j - ring of Xeroutwu {Ice rElec Str+9 Stlth-}
MPRegen 0.30/turn

%: guardian spirit, roll
@: glowing, studying 5 skills, quick
A: large, deformed body, tough skin 3, armoured tail, roll 2, claws 1
0: Orb of Zot
}: 3/15 runes: decaying, silver, gossamer
a: Renounce Religion, Divine Shield, Cleansing Flame, Summon Divine Warrior


You escaped.
You worshipped the Shining One.
The Shining One was extremely pleased with you.
You visited 10 branches of the dungeon, and saw 50 of its levels.
You also visited: Sewer, Bailey, Gauntlet, Ice Cave and Volcano.

You collected 9191 gold pieces.
You spent 2150 gold pieces at shops.

Inventory:

Hand Weapons
 a - the +6 broad axe of the Rescuing Priest (weapon) {speed, rC+ Will++ Int+3}
   (You acquired it on level 2 of the Elven Halls)

   Int+3:     It affects your intelligence (+3).
   rC+:       It protects you from cold.
   Will++:    It greatly increases your willpower.
 b - a +9 broad axe of holy wrath
   (You bought it in a shop on level 1 of the Dungeon)
 w - the +3 trident "Mucank" {speed, rCorr Int+2}
   (You found it on level 5 of the Lair of Beasts)

   Int+2:     It affects your intelligence (+2).
   rCorr:     It protects you from acid and corrosion.
Missiles
 D - 4 throwing nets (quivered) {!f}
 R - 4 curare-tipped darts {!f}
Armour
 l - +8 gold dragon scales (worn)
   (You took it off Parghit on level 3 of the Depths)
 m - the +6 lightning scales (worn) {swift, rElec}
   (You acquired it on level 1 of the Depths)

   Swift:     It allows the wearer to cover ground more swiftly.
   rElec:     It insulates you from electricity.
 n - a scarf of resistance (worn)
   (You found it on level 1 of the Lair of Beasts)
 z - a +1 cloak of preservation
   (You found it on level 3 of the Crypt)
 C - a +0 cloak of cold resistance
   (You found it in an ice cave)
 H - the +2 pair of gloves "Vuurik" (worn) {rPois rF+}
   (You found it in a bailey)

   rF+:       It protects you from fire.
   rPois:     It protects you from poison
 Y - a +6 tower shield (worn)
   (You found it in a Gauntlet)
 Z - the +1 helmet of Responsibility (worn) {MP+9 Slay+2}
   (You found it on level 3 of the Elven Halls)

   Slay+2:    It affects your accuracy & damage with ranged weapons and melee
   (+2).
   MP+9:      It affects your magic capacity (+9).
Jewellery
 i - a ring of protection from fire
   (You took it off a deep elf demonologist on level 3 of the Elven Halls)
 j - the ring of Xeroutwu (right hand) {Ice rElec Str+9 Stlth-}
   (You found it on level 2 of the Spider Nest)

   [ring of ice]

   Ice:       It enhances your ice magic.
   Str+9:     It affects your strength (+9).
   rF-:       It makes you vulnerable to fire.
   rC+:       It protects you from cold.
   rElec:     It insulates you from electricity.
   Stlth-:    It makes you less stealthy.
 K - a ring of protection from cold
   (You took it off an ironbound preserver on level 4 of the Vaults)
 P - a +5 ring of evasion (left hand)
   (You found it on level 10 of the Dungeon)
 X - the amulet "Uhaeh" (around neck) {Spirit rElec Will+ Regen+ Int+2}
   (You found it in a Gauntlet)

   [amulet of guardian spirit]

   Spirit:    It causes incoming damage to be divided between your reserves of
   health and magic.
   Int+2:     It affects your intelligence (+2).
   rElec:     It insulates you from electricity.
   Will+:     It increases your willpower.
   Regen+:    It increases your rate of health regeneration.
Wands
 d - a wand of iceblast (60)
   (You found it on level 2 of the Lair of Beasts)
 g - a wand of light (47)
   (You found it on level 4 of the Lair of Beasts)
 v - a wand of digging (31)
   (You found it on level 7 of the Dungeon)
 x - a wand of polymorph (33)
   (You found it on level 4 of the Dungeon)
 J - a wand of charming (41)
   (You found it on level 8 of the Dungeon)
Scrolls
 h - 4 scrolls of blinking
 p - 4 scrolls of revelation
 t - 4 scrolls of vulnerability {!r}
 A - 7 scrolls of immolation {!r}
 B - 4 scrolls of poison
 I - 2 scrolls of silence
 N - 6 scrolls of fog
 O - 22 scrolls of teleportation {@r4}
 T - 4 scrolls of fear
Potions
 c - 18 potions of heal wounds {@q2}
 f - 10 potions of enlightenment
 q - 22 potions of curing {@q1}
 r - 8 potions of magic
 s - 9 potions of resistance
 u - 2 potions of berserk rage
 y - 3 potions of cancellation
 F - 10 potions of attraction {!q}
 G - 9 potions of lignification {!q}
 L - 3 potions of mutation {!q}
 M - 5 potions of haste {@q3}
 V - 4 potions of might
 W - 18 potions of ambrosia
Miscellaneous
 k - a sack of spiders
   (You found it on level 9 of the Dungeon)
 E - a phantom mirror
   (You found it in a bailey)
 Q - a phial of floods
   (You found it in an ice cave)


   Skills:
 * Level 22.3 Fighting
 - Level 17.9(18.0) Axes
 - Level 0.1(11.7) Polearms
 + Level 23.0 Armour
 + Level 11.0 Dodging
 - Level 2.1 Stealth
 + Level 23.7 Shields
 - Level 1.7 Spellcasting
 - Level 3.8 Conjurations
 + Level 20.3 Invocations
 - Level 8.0 Evocations


You had 26 spell levels left.
You knew the following spells:

 Your Spells              Type           Power      Damage    Failure   Level
a - Magic Dart            Conj           80%        1d7       17%         1
x - Mercury Vapours       Alch/Air       4%         N/A       77%         2

Your spell library contained the following spells:

 Spells                   Type           Power      Damage    Failure   Level
 Searing Ray              Conj           40%        2d5       26%         2
 Foxfire                  Conj/Fire      44%        2x1d6     36%         1
 Shock                    Conj/Air       44%        1d5       36%         1
 Sting                    Conj/Alch      44%        1d5       36%         1
 Momentum Strike          Conj/Tloc      22%        3d8       50%         2
 Apportation              Tloc           4%         N/A       63%         1
 Sandblast                Erth           4%         2d4       63%         1
 Hailstorm                Conj/Ice       16%        3d6       75%         3
 Stone Arrow              Conj/Erth      22%        3d8       75%         3
 Blink                    Tloc           4%         N/A       77%         2
 Call Imp                 Summ           4%         N/A       77%         2
 Cigotuvi's Dreadful Rot  Necr/Alch/Air  4%         N/A       77%         2
 Ensorcelled Hibernation  Hex/Ice        6%         N/A       77%         2
 Lesser Beckoning         Tloc           4%         N/A       77%         2
 Confusing Touch          Hex            2%         N/A       94%         3
 Fugue of the Fallen      Necr           2%         N/A       94%         3
 Inner Flame              Hex/Fire       2%         N/A       94%         3
 Ozocubu's Armour         Ice            3%         N/A       94%         3
 Passwall                 Erth           2%         N/A       94%         3
 Summon Ice Beast         Ice/Summ       3%         N/A       94%         3
 Swiftness                Air            2%         N/A       94%         3
 Tukima's Dance           Hex            2%         N/A       94%         3
 Volatile Blastmotes      Fire/Tloc      4%         2d10      94%         3
 Brom's Barrelling Bould  Conj/Erth      11%        2d3       98%         4
 Flame Wave               Conj/Fire      11%        2d6       98%         4
 Fulminant Prism          Conj/Alch      5%         3d7       98%         4
 Iskenderun's Mystic Bla  Conj/Tloc      11%        2d4       98%         4
 Iskenderun's Battlesphe  Conj           20%        2d7       99%         5
 Airstrike                Air            1%         2d(1-17)  100%        4
 Anguish                  Hex/Necr       1%         N/A       100%        4
 Animate Armour           Summ/Erth      4%         N/A       100%        4
 Cause Fear               Hex            1%         N/A       100%        4
 Dimensional Bullseye     Hex/Tloc       1%         N/A       100%        4
 Leda's Liquefaction      Alch/Erth      1%         N/A       100%        4
 Manifold Assault         Tloc           2%         N/A       100%        4
 Olgreb's Toxic Radiance  Alch           2%         N/A       100%        4
 Passage of Golubria      Tloc           2%         N/A       100%        4
 Sticky Flame             Fire/Alch      2%         2d4       100%        4
 Alistair's Intoxication  Alch           1%         N/A       100%        5
 Borgnjor's Vile Clutch   Necr/Erth      1%         N/A       100%        5
 Irradiate                Conj/Alch      5%         3d13      100%        5
 Lee's Rapid Deconstruct  Erth           1%         3d4*      100%        5
 Summon Forest            Summ/Tloc      1%         N/A       100%        5
 Yara's Violent Unravell  Hex/Alch       1%         3d3       100%        5
 Bombard                  Conj/Erth      5%         9d2       100%        6
 Dispersal                Tloc           1%         N/A       100%        6
 Eringya's Noxious Bog    Alch           1%         4d6       100%        6
 Plasma Beam              Fire/Air       1%         2x1d11    100%        6
 Sculpt Simulacrum        Ice/Alch       1%         N/A       100%        6
 Starburst                Conj/Fire      5%         6d4       100%        6
 Enfeeble                 Hex            1%         N/A       100%        7
 Monstrous Menagerie      Summ           1%         N/A       100%        7
 Ozocubu's Refrigeration  Ice            1%         4d7       100%        7
 Spellforged Servitor     Conj/Summ      5%         N/A       100%        7
 Summon Hydra             Summ           1%         N/A       100%        7
 Discord                  Hex            1%         N/A       100%        8
 Disjunction              Tloc           1%         N/A       100%        8
 Lehudib's Crystal Spear  Conj/Erth      5%         10d3      100%        8
 Chain Lightning          Conj/Air       5%         3d7       100%        9
 Fire Storm               Conj/Fire      5%         8d2       100%        9
 Polar Vortex             Ice            1%         N/A       100%        9
 Shatter                  Erth           1%         3d5*      100%        9


Dungeon Overview and Level Annotations

Branches:
Dungeon (15/15)            Temple (0/1) D:7            Lair (5/5) D:10
  Swamp (4/4) Lair:3       Spider (4/4) Lair:3        Slime (0/5) Lair:4
    Orc (2/2) D:11            Elf (3/3) Orc:2        Vaults (5/5) D:13
  Crypt (3/3) Vaults:2       Tomb (0/3) Crypt:3      Depths (4/4) D:15
    Zot (5/5) Depths:4      Sewer (visited)          Bailey (visited)
  IceCv (visited)         Volcano (visited)         Gauntlet (visited)

Altars:
Cheibriados
Gozag
Hepliaklqana
Kikubaaqudgha
Okawaru
Ru
Sif Muna
Uskayaw
Vehumet
Wu Jian
Yredelemnul
The Shining One
Jiyva

Shops:
D:1 (   D:9 [   Orc:2 *([?   Elf:1 (   Elf:3 !   Depths:1 *:([*(   Depths:3 !*:

Portals:
Hell: Depths:1 Depths:2 Depths:3 Depths:4
Abyss: Depths:1 Depths:3
Pandemonium: Depths:1 Depths:2
Ziggurat: Depths:2

Annotations:
D:5 1 runed translucent door, Crazy Yiuf
Elf:2 3 runed translucent doors
Depths:4 2 transporters, Soesill's ghost, adept DgCj
Zot:1 4 transporters
Zot:4 8 transporters, Mikey69's ghost, legendary DsBe


Innate Abilities, Weirdness & Mutations

Armour fits poorly on your strangely shaped body.
You have extremely tough skin. (AC +3)
You have a long armoured tail.
You regenerate magic and health when rolling toward enemies. (Rampage Regen)
You have sharp fingernails.


Message History

The golden flame engulfs you but does no damage.
The golden flame engulfs Panneiwk!!!
Panneiwk writhes in agony!
The golden flame engulfs the lich!!
The lich writhes in agony!
You are engulfed in dark miasma.
You feel as though you will be slow longer.
You feel very sick. Panneiwk hits you but does no damage.
You block Panneiwk's attack.
Activating: Cleansing Flame (0% risk of failure)
Press: ? - help, Dir - look around, f - activate The golden flame engulfs you but does no damage.
You resist.
The golden flame engulfs Panneiwk!!!
Panneiwk writhes in agony!
The golden flame engulfs the lich!!!
The lich writhes in agony!
You destroy the lich!
The Shining One accepts your kill.
You are engulfed in dark miasma.
You feel as though you will be slow longer.
You feel very sick. Panneiwk gestures at you.
The bolt of negative energy hits you but does no damage.
You resist. Panneiwk misses you.
Activating: Cleansing Flame (0% risk of failure)
Press: ? - help, Dir - look around, f - activate The golden flame engulfs you but does no damage.
You resist.
The golden flame engulfs Panneiwk!!!
Panneiwk writhes in agony!
You kill Panneiwk!
The Shining One accepts your kill.
You are engulfed in dark miasma.
You are more poisoned.
You feel as though you will be slow longer.
You feel extremely sick.
Your Armour skill increases to level 23!
You feel better.
You are engulfed in dark miasma.
You feel as though you will be slow longer.
You're standing in a cloud of foul pestilence!
What level of the Dungeon? (default 1, ? - help)
Okay, then.
There is an open door here.
Your extra speed is starting to run out.
There is an open door here.
There is a staircase leading out of the dungeon here.
Enter note: You start resting.
You feel yourself slow down.
You start resting.
You feel yourself speed up.
You start resting.
Enter note: this version of crawl seems pretty sick :)
As you read the scroll of summoning, it crumbles to dust.
Wisps of shadow whirl around you...
You have escaped!

#.≈≈#.#..#..#.#≈≈###.#.###..###
#.≈≈#.#..#..#.#≈≈###.[..##.)..>
#...'.'.8#8.+.'.......#.....###
##≈≈#.#..#..#.#≈≈###....#####
#≈≈#.#..#..#.#≈≈# #.#.##
#≈≈#.#.....#.#≈≈# #.#.# #####
#≈##+###'###'##≈# #.#.# #....
#≈#..+.....'bg#≈# #.#.# #.###
#≈#8.#######K@#≈# #.#.# #.#
#≈####≈≈≈≈≈####≈# #.#.# #.#
#≈≈≈≈≈≈≈≈≈≈≈≈≈≈≈# #.#.# #.#
#############.### #.#.####.#
#.# #........###
#.#####..#........
#..........#######
#######.########## #...........


You could see a friendly hobgoblin (summoned), a friendly bat (summoned) and a
friendly kobold (summoned).

Vanquished Creatures
  5 dread liches
  A pandemonium lord (D:1)
  4 orbs of fire
  5 ancient liches
  A juggernaut (Depths:2)
  Josephina (Zot:3)
  Parghit (Depths:3)
  Sojobo (Depths:4)
  3 Killer Klowns
  3 curse toes
  A caustic shrike (Depths:3)
  A profane servitor (Crypt:2)
  the Enchantress (Depths:3)
  A bone dragon (Depths:4)
  12 golden dragons
  2 electric golems (Zot:5)
  A Tzitzimitl (Zot:5)
  2 Brimstone Fiends
  A hellephant (Depths:4)
  20 tentacled monstrosities
  2 Hell Sentinels
  An Ice Fiend (D:10)
  4 titans
  22 Orb Guardians
  A walking earthen tome (Depths:3)
  6 quicksilver dragons
  7 liches
  2 deep elf blademasters (Elf:3)
  5 sphinxes
  2 deep elf master archers (Elf:3)
  An Executioner (D:1)
  7 death cobs
  The ghost of Endbringerleviathan the Thaumaturge, an adept NaFE of Gozag (Swamp:3)
  A revenant (Crypt:1)
  2 thorn hunters
  12 tengu reavers
  11 storm dragons
  13 shadow dragons
  4 draconian monks
  5 draconian knights
  6 fire giants
  5 protean progenitors
  6 frost giants
  9 draconian scorchers
  5 deep elf sorcerers (Elf:3)
  4 ghost moths
  4 iron dragons
  4 draconian shifters
  2 caustic shrike zombies
  A balrug (Depths:2)
  11 vault wardens
  6 deep elf elementalists (Elf:3)
  3 emperor scorpions
  2 ghouls (Swamp:4)
  6 draconian stormcallers
  17 ironbound preservers
  2 curse skulls (Crypt:3)
  2 reapers (Crypt:3)
  13 very ugly things
  3 broodmothers
  2 formless jellyfish (Vaults:4)
  7 spriggan defenders
  8 draconian annihilators
  13 stone giants
  2 vampire knights
  7 deep elf death magi
  5 ironbound thunderhulks
  7 white draconians
  5 deep elf demonologists
  12 green draconians
  5 eleionomae
  A war gargoyle (Vaults:4)
  7 dire elephants
  13 red draconians
  11 deep elf annihilators
  8 bunyips
  13 yellow draconians
  12 black draconians
  2 pearl dragon zombies (Crypt:2)
  A spark wasp (Spider:2)
  10 eidola
  7 purple draconians
  A green death (Gauntlet)
  The ghost of kaikaun the Covert, a journeyman KoBr of Uskayaw (Lair:2)
  A mummy priest (Crypt:3)
  9 ettins
  A quicksilver dragon zombie (Depths:2)
  13 jiangshi
  8 deep elf high priests
  5 great orbs of eyes
  14 yaktaur captains
  3 entropy weavers
  A shambling mangrove (Swamp:2)
  A spriggan zombie (Crypt:3)
  2 rakshasas
  9 fire dragons
  26 vault guards
  An ogre mage (D:15)
  8 spriggan air magi
  2 ghost crabs
  A jorogumo (Spider:1)
  3 ice dragons (Depths:4)
  10 hydras
  A quicksilver dragon skeleton (Crypt:3)
  The ghost of Zagger the Thaumaturge, a journeyman DsFE of Vehumet (D:10)
  9 alligators
  6 ironbound frosthearts
  2 two-headed ogres (shapeshifter)
  2 spriggan skeletons (Crypt:3)
  5 radroaches
  A hell beast (Zot:4)
  2 death knights
  13 centaur warriors
  8 boulder beetles
  A titan zombie (Depths:2)
  4 vampire magi
  9 two-headed ogres
  2 deep troll shamans
  10 deep troll earth magi
  6 tengu warriors
  6 death yaks
  3 hell hogs (Crypt:2)
  14 dancing weapons
  A spriggan berserker (Depths:2)
  3 occultists
  3 orc high priests
  16 deep elf knights
  2 hell knights
  5 demonic crawlers
  10 soul eaters
  6 spriggans
  Nergalle (Lair:3)
  A fire crab (shapeshifter) (Vaults:2)
  2 sun demons
  8 iron trolls
  A fire crab (Lair:5)
  4 pharaoh ants
  An anaconda zombie (Crypt:3)
  2 shadow wraiths
  2 death drakes (Swamp:3)
  3 skysharks (Depths:3)
  9 skeletal warriors (Crypt:1)
  4 spriggan druids
  An iron giant zombie (Crypt:3)
  A skyshark (shapeshifter) (Depths:4)
  A salamander mystic (Depths:1)
  21 deep trolls
  A bunyip zombie (Crypt:1)
  A storm dragon skeleton (Crypt:1)
  4 goliath frogs
  A shadow demon (Depths:2)
  13 ironbound convokers
  A lindwurm (shapeshifter) (Vaults:1)
  11 arcanists
  7 orb spiders
  2 glowing orange brains
  2 sun moths
  14 phantasmal warriors
  7 swamp dragons
  A quicksilver dragon simulacrum (Zot:3)
  6 wolf spider zombies
  A harpy (Vaults:2)
  3 bunyip skeletons
  15 deep elf archers
  A fire giant zombie (Vaults:3)
  20 wolf spiders
  13 lindwurms
  A bog body (Lair:3)
  10 orc knights
  A shadow dragon zombie (Crypt:3)
  17 necromancers
  4 steelbarb worms
  An iron dragon zombie (Depths:2)
  33 ugly things
  30 deep elf zephyrmancers
  An oklob plant (D:10)
  23 deep elf pyromancers
  9 will-o-the-wisps
  4 orc sorcerers
  16 meliai
  A stone giant zombie (Crypt:3)
  2 manticores (D:15)
  4 apis skeletons (Crypt:2)
  4 cyclopes
  11 elephants
  20 moths of wrath
  3 salamanders (Depths:1)
  A dire elephant zombie (Crypt:3)
  A draconian skeleton (Crypt:3)
  A human skeleton (Crypt:1)
  6 black mambas
  4 kobold blastminers
  2 naga magi (Vaults:4)
  A rust devil (Depths:2)
  14 vault sentinels
  3 naga zombies
  4 torpor snails
  An ice statue (IceCv)
  A storm dragon simulacrum (Zot:3)
  2 orange demons (Gauntlet)
  A centaur skeleton (Crypt:3)
  8 large abominations (Depths:3)
  10 cane toads
  A smoke demon (Depths:2)
  A gargoyle (Volcano)
  3 kobold demonologists
  A hellion (Depths:2)
  A grey draconian zombie (Crypt:1)
  A dire elephant skeleton (Crypt:3)
  5 rime drakes
  A yaktaur zombie (Vaults:3)
  An efreet (D:15)
  An alligator snapping turtle zombie (Crypt:3)
  6 tengu conjurers
  5 freezing wraiths
  4 unseen horrors
  43 yaktaurs
  12 komodo dragons
  An alligator snapping turtle skeleton (Crypt:3)
  An ice devil (Depths:1)
  An elf skeleton (Vaults:3)
  Psyche (D:8)
  4 trolls
  A queen bee (Spider:3)
  2 harpy zombies (Crypt:3)
  13 hellwings (Crypt:3)
  A polar bear (shapeshifter) (D:14)
  9 tyrant leeches
  A shadow dragon simulacrum (Zot:3)
  8 polar bears (IceCv)
  A troll (shapeshifter) (D:15)
  26 tarantellas
  A merfolk (shapeshifter) (Vaults:5)
  11 hornets
  5 glass eyes
  Prince Ribbit (D:6)
  A glass eye (shapeshifter) (Vaults:5)
  6 wolf spider simulacra
  4 dream sheep (Lair:5)
  A blink frog (shapeshifter) (Vaults:4)
  A fire dragon skeleton (Crypt:1)
  9 blink frogs
  A centaur simulacrum (Crypt:1)
  25 slime creatures
  A water elemental (Elf:1)
  41 jumping spiders
  24 culicivoras
  A ynoxinul (Zot:5)
  An air elemental (Elf:3)
  5 shadows
  A hog (D:9)
  7 fire bats
  4 small abominations (Depths:3)
  A dire elephant simulacrum (Crypt:1)
  An ushabti (Crypt:3)
  5 fire elementals
  6 wyverns
  71 yaks
  6 basilisks
  7 wraiths
  A black mamba skeleton (Crypt:3)
  3 wargs
  A neqoxec (D:1)
  50 redbacks
  4 vampire mosquitoes
  Edmund (D:5)
  A faun zombie (Crypt:2)
  17 swamp worms
  A two-headed ogre zombie (Crypt:1)
  2 acid dragons
  3 glowing shapeshifter skeletons
  A glowing shapeshifter zombie (Vaults:3)
  A faun skeleton (Crypt:1)
  12 water moccasins
  A naga skeleton (Crypt:3)
  An ice beast (D:7)
  A moth of wrath simulacrum (Zot:3)
  An ettin simulacrum (Crypt:1)
  47 orc warriors
  2 black bears (Lair:1)
  8 swamp drakes
  14 laughing skulls
  7 ogres
  A tengu (D:10)
  3 boggarts (Vaults:1)
  22 wolves
  2 centaurs
  A blink frog skeleton (Crypt:2)
  A weeping skull (Gauntlet)
  A phantom (D:5)
  7 kobold brigands
  3 gnoll sergeants
  9 bullfrogs
  7 scorpions
  A naga simulacrum (Crypt:1)
  2 earth elementals
  10 wyvern skeletons (Crypt:3)
  7 wights
  19 killer bees
  A human simulacrum (Vaults:3)
  A troll skeleton (Crypt:1)
  4 electric eels
  4 howler monkeys
  6 lava snakes
  3 hounds
  A jelly (D:6)
  2 bombardier beetles
  18 orc priests
  A sleepcap (D:4)
  A boggart zombie (Crypt:2)
  5 iguanas
  29 orc wizards
  5 hell rats (Lair:4)
  A tengu zombie (Crypt:2)
  2 mummies (Crypt:3)
  10 adders
  25 gnolls
  A river rat (D:4)
  3 shadow imps
  2 white imps
  10 dart slugs
  7 ribbon worms
  126 orcs
  7 ball pythons
  7 bats
  5 endoplasms
  15 giant cockroaches
  A gnoll zombie (Crypt:2)
  7 goblins
  4 hobgoblins
  9 jackals
  4 quokkas
  9 frilled lizards
  A gnoll skeleton (Crypt:2)
  35 kobolds
  4 rats
  A river rat zombie (Crypt:2)
  4 aspiring fleshes
  A fire vortex (D:6)
2219 creatures vanquished.

Vanquished Creatures (collateral kills)
  2 dread liches
  3 ancient liches (Zot:5)
  Saint Roka (Orc:2)
  A golden dragon (Zot:5)
  Norris (Depths:3)
  2 tentacled monstrosities
  2 Orb Guardians (Zot:5)
  Mlioglotl (Lair:3)
  The ghost of Kare Xaoge the Bludgeoner, an adept DgSh (Vaults:4)
  A tengu reaver (D:13)
  A death cob (Zot:1)
  A storm dragon (Vaults:5)
  2 iron dragons
  4 emperor scorpions
  2 frost giants
  2 vault wardens (Vaults:5)
  An ironbound preserver (Vaults:5)
  2 ghouls (Swamp:4)
  3 ghost moths
  A broodmother (Spider:4)
  2 stone giants
  A minotaur (Gauntlet)
  A very ugly thing (Depths:2)
  A yellow draconian (Zot:3)
  An ettin (Zot:3)
  An entropy weaver (Spider:1)
  A fire dragon (D:14)
  A yaktaur captain (Vaults:5)
  6 hydras
  A spriggan air mage (Depths:2)
  A radroach (Spider:4)
  A jorogumo (Spider:2)
  A merfolk avatar (Lair:5)
  3 centaur warriors (D:13)
  2 two-headed ogres (D:13)
  A dancing weapon (Elf:3)
  A demonic crawler (Spider:2)
  A deep troll earth mage (D:13)
  Erica (D:9)
  2 death yaks (IceCv)
  A spriggan berserker (Depths:2)
  2 skysharks (Lair:5)
  An orb spider (Spider:2)
  A deep elf archer (Elf:3)
  A bog body (Lair:5)
  A steelbarb worm (Spider:2)
  2 manticores
  An orc sorcerer (Orc:2)
  2 ugly things
  4 wolf spiders
  4 elephants (Lair:5)
  5 moths of wrath
  3 meliai
  2 torpor snails
  A molten gargoyle (Swamp:4)
  2 cane toads (Lair:5)
  5 kobold blastminers (Orc:2)
  2 gargoyles (Volcano)
  2 yaktaurs (Vaults:5)
  A rime drake (Lair:5)
  An efreet (Volcano)
  A komodo dragon (Lair:5)
  2 polar bears
  6 tarantellas
  A glass eye (Depths:2)
  A hornet (Depths:2)
  3 dream sheep (Lair:5)
  A snapping turtle (Lair:5)
  A wyvern (Lair:5)
  A wraith (D:13)
  A culicivora (Spider:4)
  4 jumping spiders
  A spriggan (Depths:2)
  2 yaks (IceCv)
  A steam dragon (Lair:5)
  4 redbacks
  6 orc warriors
  An ogre (Orc:2)
  A wolf (IceCv)
  A bullfrog (Lair:2)
  4 killer bees (D:10)
  2 lava snakes (Volcano)
  2 orc priests (Orc:2)
  4 orc wizards (Orc:2)
  6 orcs
165 creatures vanquished.

Vanquished Creatures (others)
  An ancient lich (Zot:5)
  An Orb Guardian (Zot:5)
  An eleionoma (Swamp:2)
  A war gargoyle (Vaults:5)
  A spark wasp (Spider:4)
  A hydra (Swamp:4)
  A two-headed ogre (D:9)
  3 steelbarb worms (Zot:5)
  2 deep elf zephyrmancers (Elf:1)
  A wolf spider (Spider:4)
  3 meliai
  4 bloated husks
  2 culicivoras
  2 slime creatures (Zot:5)
  3 swamp drakes (Swamp:4)
  A killer bee (Spider:3)
  An orc (Orc:2)
  A fire vortex (D:6)
  60 foxfires
90 creatures vanquished.

Grand Total: 2474 creatures vanquished

Notes
Turn   | Place    | Note
-------+----------+-------------------------------------------
     0 | D:1      | Ultraviolent4 the Armataur Conjurer began the quest for the
                  | Orb.
     0 | D:1      | Reached XP level 1. HP: 14/14 MP: 3/3
    14 | D:1      | Got the Grimoire of the Star-crossed Wendigo
   295 | D:1      | Reached skill level 1 in Fighting
   452 | D:1      | Reached XP level 2. HP: 23/23 MP: 1/4
   639 | D:1      | Found Qamix's Antique Weapon Boutique.
   853 | D:1      | Found a faded altar of an unknown god.
   991 | D:1      | Prayed at the altar of an unknown god.
   991 | D:1      | Became a worshipper of the Shining One
   991 | D:1      | Reached * piety under the Shining One
  1177 | D:2      | a D2 barding what lol
  1510 | D:2      | Reached XP level 3. HP: 20/29 MP: 3/5
  1814 | D:2      | Reached skill level 1 in Invocations
  1904 | D:1      | Bought a broad axe for 84 gold pieces
  2558 | D:3      | Reached skill level 1 in Axes
  2560 | D:3      | Reached XP level 4. HP: 28/36 MP: 1/6
  2699 | D:3      | Identified the ring "Vewet" {Wiz Int+2}
  2705 | D:3      | Learned a level 2 spell: Mercury Vapours
  3075 | D:3      | Reached skill level 1 in Armour
  3582 | D:3      | Found a hide-covered altar of Uskayaw.
  3582 | D:3      | Found a snail-covered altar of Cheibriados.
  3669 | D:4      | Reached XP level 5. HP: 42/42 MP: 2/7
  4057 | D:4      | Found a glowing drain.
  4063 | Sewer    | Entered a sewer
  4927 | Sewer    | Reached XP level 6. HP: 50/50 MP: 0/8
  6325 | D:4      | Reached ** piety under the Shining One
  6331 | D:4      | Gained mutation: You regenerate magic and health when
                  | rolling toward enemies. (Rampage Regen) [Armataur growth]
  6331 | D:4      | Reached XP level 7. HP: 57/57 MP: 5/9
  6532 | D:5      | Entered Level 5 of the Dungeon
  7297 | D:5      | Noticed Edmund
  7312 | D:5      | Killed Edmund
  7508 | D:5      | Reached XP level 8. HP: 66/66 MP: 7/11
  7629 | D:5      | Found a runed translucent door.
  7630 | D:5      | Noticed Crazy Yiuf
  7805 | D:5      | Found a hazy altar of Hepliaklqana.
  8363 | D:6      | Reached skill level 5 in Axes
  8412 | D:6      | Reached skill level 5 in Armour
  8961 | D:6      | Found an opulent altar of Gozag.
  8968 | D:6      | Found a shimmering blue altar of Sif Muna.
  9053 | D:6      | Noticed Prince Ribbit
  9081 | D:6      | Killed Prince Ribbit
  9082 | D:6      | Reached skill level 5 in Invocations
  9481 | D:6      | Reached XP level 9. HP: 73/73 MP: 7/12
  9618 | D:7      | Reached skill level 5 in Fighting
  9790 | D:7      | Reached *** piety under the Shining One
 10004 | D:7      | Found an ancient bone altar of Kikubaaqudgha.
 10090 | D:7      | Found a staircase to the Ecumenical Temple.
 10600 | D:8      | Noticed Psyche
 10648 | D:8      | Found a flagged portal.
 10667 | D:8      | Reached skill level 1 in Shields
 10740 | D:8      | Killed Psyche
 10763 | Bailey   | Entered a bailey
 11100 | Bailey   | Noticed an orc knight
 11141 | Bailey   | Killed an orc knight
 11142 | Bailey   | Reached XP level 10. HP: 45/83 MP: 8/14
 11684 | Bailey   | Identified the +2 pair of gloves "Vuurik" {rPois rF+}
 12886 | D:8      | Reached **** piety under the Shining One
 13244 | D:9      | Noticed a two-headed ogre
 13303 | D:9      | Found Uhiucs Giodgh's Antique Armour Shop.
 13345 | D:9      | Noticed a two-headed ogre
 13366 | D:9      | Killed a two-headed ogre
 13367 | D:9      | Reached skill level 5 in Shields
 13378 | D:9      | Noticed a two-headed ogre
 13398 | D:9      | Killed a two-headed ogre
 13429 | D:9      | Noticed Erica
 13460 | D:9      | Killed Erica
 13761 | D:9      | Reached XP level 11. HP: 91/91 MP: 16/16
 13878 | D:9      | Noticed Maggie
 13880 | D:9      | Maggie changed into Maggie the hog
 13880 | D:9      | Noticed Maggie
 13901 | D:9      | Killed Maggie the hog
 14070 | D:10     | Entered Level 10 of the Dungeon
 14080 | D:10     | Found a staircase to the Lair.
 14080 | D:10     | Noticed an oklob plant
 14332 | D:10     | Found a radiant altar of Vehumet.
 14745 | D:10     | Found a runed translucent gate.
 14745 | D:10     | Found a runed translucent gate.
 14745 | D:10     | Found a runed translucent gate.
 14746 | D:10     | Noticed Zagger's ghost (journeyman DsFE)
 15437 | D:10     | Noticed Maurice
 15451 | D:10     | Maurice changed into Maurice the acid dragon
 15451 | D:10     | Noticed Maurice
 15453 | D:10     | Maurice the acid dragon changed into Maurice the meliai
 15453 | D:10     | Noticed Maurice
 15547 | D:10     | Maurice the meliai changed into Maurice the tengu
 15547 | D:10     | Noticed Maurice
 15557 | D:10     | Killed Maurice the tengu
 15789 | D:10     | Noticed a deep elf pyromancer
 15797 | D:10     | Killed a deep elf pyromancer
 16753 | D:11     | Reached ***** piety under the Shining One
 16797 | D:11     | Noticed a sixfirhy
 17203 | D:11     | Noticed a soul eater
 17206 | D:10     | Noticed a sixfirhy
 17248 | D:11     | Found a staircase to the Orcish Mines.
 17942 | D:12     | Noticed a two-headed ogre
 17956 | D:12     | Killed a two-headed ogre
 17957 | D:12     | Reached XP level 12. HP: 71/101 MP: 18/18
 18237 | D:12     | Found a snail-covered altar of Cheibriados.
 18740 | Orc:1    | Entered Level 1 of the Orcish Mines
 19700 | Orc:1    | Noticed an orc high priest
 19739 | Orc:1    | Killed an orc high priest
 20153 | Orc:2    | Entered Level 2 of the Orcish Mines
 20164 | Orc:2    | Reached skill level 10 in Armour
 20240 | Orc:2    | Noticed an orc high priest
 20264 | Orc:1    | Killed an orc high priest
 20265 | Orc:1    | Reached skill level 10 in Axes
 21156 | Orc:2    | Found a staircase to the Elven Halls.
 21396 | Orc:2    | Found Ziydeh's Magic Scroll Shoppe.
 21647 | Orc:2    | Noticed Saint Roka
 22349 | Orc:2    | Killed Saint Roka
 22350 | Orc:2    | Reached skill level 10 in Invocations
 22350 | Orc:2    | Reached XP level 13. HP: 108/108 MP: 20/20
 22419 | Orc:2    | Found Onura's Antique Armour Shop.
 22420 | Orc:2    | Found Immiag's Antique Weapon Boutique.
 22991 | Orc:2    | Found Goof's General Store.
 22996 | Orc:2    | Bought a potion of heal wounds for 70 gold pieces
 23154 | Orc:2    | Bought a scroll of fog for 48 gold pieces
 23154 | Orc:2    | Bought a scroll of fog for 48 gold pieces
 23154 | Orc:2    | Bought a scroll of enchant armour for 90 gold pieces
 23154 | Orc:2    | Bought a scroll of summoning for 114 gold pieces
 23283 | D:9      | Bought a dazzling scale mail for 261 gold pieces
 23283 | D:9      | Identified the +1 scale mail of Pyotiq {Harm} (You bought
                  | it in a shop on level 9 of the Dungeon)
 23585 | Lair:1   | Entered Level 1 of the Lair of Beasts
 23612 | Lair:1   | Reached skill level 10 in Shields
 23680 | Lair:1   | Found a dark tunnel.
 23683 | Volcano  | Entered a volcano
 23957 | Volcano  | Noticed a stone giant
 23964 | Volcano  | Killed a stone giant
 24143 | Volcano  | Found a burning altar of Makhleb.
 25717 | Lair:2   | Found a runed translucent door.
 25718 | Lair:2   | Noticed kaikaun's ghost (journeyman KoBr)
 26227 | Lair:3   | Found a hole to the Spider Nest.
 26356 | Lair:3   | Found a staircase to the Swamp.
 26564 | Lair:3   | Noticed Nergalle
 26578 | Lair:3   | Killed Nergalle
 26848 | Lair:3   | Reached XP level 14. HP: 108/119 MP: 22/22
 28647 | Lair:4   | Found a staircase to the Slime Pits.
 28647 | Lair:4   | Found a viscous altar of Jiyva.
 28701 | Lair:4   | Reached skill level 10 in Fighting
 29088 | Lair:5   | Entered Level 5 of the Lair of Beasts
 29246 | Lair:5   | Found a gate leading to a gauntlet.
 29378 | Gauntlet | Entered a Gauntlet
 29378 | Gauntlet | Found a transporter.
 29381 | Gauntlet | Found a transporter.
 29388 | Gauntlet | Found a transporter.
 29392 | Gauntlet | Found a transporter.
 29399 | Gauntlet | Found a transporter.
 29399 | Gauntlet | Found a transporter.
 29402 | Gauntlet | Found a transporter.
 29402 | Gauntlet | Found a transporter.
 29469 | Gauntlet | Found a transporter.
 29487 | Gauntlet | Found a transporter.
 29488 | Gauntlet | Found a transporter.
 29506 | Gauntlet | Found a transporter.
 29817 | Gauntlet | Identified the ring of the Chimera {Int+6 Dex+3}
 29929 | Gauntlet | Identified the amulet "Uhaeh" {Spirit rElec Will+ Regen+
                  | Int+2}
 29930 | Gauntlet | Got the Tome of the Geodesic and Phantasms
 30538 | Lair:5   | Identified the +3 trident "Mucank" {speed, rCorr Int+2}
 31111 | D:13     | Reached XP level 15. HP: 126/126 MP: 24/24
 31120 | D:13     | Found a frozen archway.
 31129 | IceCv    | Entered an ice cave
 32039 | IceCv    | Noticed a frost giant
 32051 | IceCv    | Killed a frost giant
 32492 | D:13     | Found a sacrificial altar of Ru.
 32769 | D:13     | Found a gate to the Vaults.
 32998 | D:13     | Noticed a tengu reaver
 32998 | D:13     | Noticed a sphinx
 33013 | D:13     | Killed a tengu reaver
 33031 | D:13     | Killed a sphinx
 34027 | D:14     | Found an ornate altar of the Wu Jian Council.
 34670 | D:15     | Entered Level 15 of the Dungeon
 34860 | D:15     | Reached XP level 16. HP: 115/134 MP: 25/25
 34992 | D:15     | Found an iron altar of Okawaru.
 35970 | D:15     | Found a staircase to the Depths.
 36364 | Spider:1 | Entered Level 1 of the Spider Nest
 36364 | Spider:1 | Noticed Mlioglotl
 36628 | Lair:3   | Killed Mlioglotl
 38806 | Spider:2 | Identified the ring of Xeroutwu {Ice rElec Str+9 Stlth-}
 39335 | Spider:2 | Reached skill level 15 in Axes
 39454 | Spider:2 | Reached ****** piety under the Shining One
 39455 | Spider:2 | Identified a +4 broad axe of holy wrath (a +2 broad axe of
                  | chaos blessed by the Shining One)
 39455 | Spider:2 | Received a gift from the Shining One
 39494 | Spider:2 | Reached skill level 15 in Shields
 40179 | Spider:3 | Reached XP level 17. HP: 142/146 MP: 27/27
 40444 | Spider:3 | Identified the +1 leather armour "Apnefaifro" {Int+3}
 41914 | Spider:4 | Entered Level 4 of the Spider Nest
 43695 | Spider:4 | Got a gossamer rune of Zot
 43696 | Spider:4 | Identified the +0 pair of boots "Pexitiot" {rF+}
 44012 | Orc:2    | Bought an embroidered hat for 161 gold pieces
 44064 | Elf:1    | Entered Level 1 of the Elven Halls
 44246 | Elf:1    | Found Tusm's Antique Weapon Shop.
 44342 | Elf:1    | Reached XP level 18. HP: 155/155 MP: 28/28
 44372 | Elf:1    | Reached skill level 15 in Armour
 45322 | Elf:2    | Identified 3 scrolls of acquirement
 45461 | Elf:2    | Acquired the +3 barding of the Robin {^Contam Rampage rN+
                  | Will+}
 45463 | Elf:2    | Acquired the +10 broad axe "Ved Vah" {heavy, Str+3}
 45465 | Elf:2    | Acquired the +6 broad axe of the Rescuing Priest {speed,
                  | rC+ Will++ Int+3}
 45527 | Elf:2    | Found a runed translucent gate.
 45527 | Elf:2    | Found a runed translucent gate.
 45527 | Elf:2    | Found a runed translucent gate.
 45597 | Elf:3    | Entered Level 3 of the Elven Halls
 45748 | Elf:3    | Found Vuffiriv's Distillery.
 45774 | Elf:3    | Bought a potion of curing for 42 gold pieces
 45774 | Elf:3    | Bought a potion of curing for 42 gold pieces
 45774 | Elf:3    | Bought a potion of heal wounds for 70 gold pieces
 45852 | Elf:3    | Paralysed by an air elemental for 1 turns
 46322 | Elf:3    | Noticed a Brimstone Fiend
 46442 | Elf:3    | Identified the ring "Larom" {Ice rElec rN+}
 46455 | Elf:3    | Reached skill level 15 in Invocations
 46488 | Elf:3    | Identified the +0 leather armour of Foemewen {Rampage
                  | Str+2}
 46515 | Elf:3    | Reached XP level 19. HP: 158/163 MP: 30/30
 46641 | Elf:3    | Identified the +1 helmet of Responsibility {MP+9 Slay+2}
 46719 | Elf:3    | Got the Spellbook of the Tincture and Astrapomancy
 46723 | Elf:3    | Got the Omnibus of the Jinx and Glaciation
 46758 | Elf:3    | Got Himmityo's Folio of Cooperative Impurities
 47126 | Swamp:1  | Entered Level 1 of the Swamp
 48154 | Swamp:2  | Identified the dragon-blood talisman of Hedge Wizardry
                  | {+Blink Will+ Int-5}
 48717 | Swamp:3  | Found a runed translucent door.
 48717 | Swamp:3  | Noticed Endbringerleviathan's ghost (adept NaFE)
 48810 | Swamp:3  | Identified the +0 cloak of Entitlement {rF+ Int+2 Stlth+}
 49306 | Swamp:3  | Killed Endbringerleviathan's ghost
 49341 | Swamp:4  | Entered Level 4 of the Swamp
 50172 | Swamp:4  | Got a decaying rune of Zot
 50507 | Lair:2   | Killed kaikaun's ghost
 50621 | D:10     | Killed Zagger's ghost
 50740 | Vaults:1 | Entered Level 1 of the Vaults
 50980 | Vaults:1 | Reached XP level 20. HP: 169/173 MP: 31/31
 51905 | Vaults:2 | Found a staircase to the Crypt.
 51905 | Vaults:2 | Found an ancient bone altar of Kikubaaqudgha.
 51905 | Vaults:2 | Found a basalt altar of Yredelemnul.
 53808 | Vaults:4 | Noticed Kare Xaoge's ghost (adept DgSh)
 53809 | Vaults:4 | Found a runed translucent gate.
 53809 | Vaults:4 | Found a runed translucent gate.
 53809 | Vaults:4 | Found a runed translucent gate.
 54035 | Vaults:4 | Identified the +2 robe "Muun" {rF+ Dex+2}
 54038 | Vaults:4 | Identified the +1 robe "Vouvuun" {rF- Int-3 Dex+5 Archmagi}
 54047 | Vaults:4 | Found a radiant altar of Vehumet.
 54047 | Vaults:4 | Found the +5 robe of Night {Dark Will+ SInv}
 54087 | Vaults:4 | Identified the +2 robe of Purpose {rF++ Will+}
 54381 | Vaults:4 | Reached skill level 15 in Fighting
 54471 | Vaults:4 | Paralysed by a formless jellyfish for 1 turns
 54481 | Vaults:4 | Reached XP level 21. HP: 150/184 MP: 33/33
 55057 | Vaults:4 | Killed Kare Xaoge's ghost
 55340 | Depths:1 | Entered Level 1 of the Depths
 55428 | Depths:1 | Found a gateway to Hell.
 55519 | Depths:1 | Found Xukymmoz's General Store.
 55583 | Depths:1 | Found Ebu Sae's Assorted Antiques.
 55583 | Depths:1 | Found Kyebuw's Book Shoppe.
 55584 | Depths:1 | Found Fuubaf's Antique Weapon Shoppe.
 55586 | Depths:1 | Found Cohos's Armour Emporium.
 55591 | Depths:1 | Bought a potion of haste for 450 gold pieces
 55603 | Depths:1 | Found a one-way gate leading to the halls of Pandemonium.
 55608 | Depths:1 | Acquired the +6 lightning scales {swift, rElec}
 55608 | Depths:1 | Found the +6 lightning scales {swift, rElec}
 55622 | Depths:1 | Acquired 463 gold pieces
 55716 | Depths:1 | Found Lael's Firing Range.
 55782 | Depths:1 | Found a one-way gate to the infinite horrors of the Abyss.
 56246 | Depths:2 | Noticed a juggernaut
 56255 | Depths:2 | Killed a juggernaut
 56256 | Depths:2 | Reached skill level 1 in Evocations
 56734 | Depths:2 | Noticed a dread lich
 56759 | Depths:2 | Found a one-way gateway to a ziggurat.
 56769 | Depths:2 | Killed a dread lich
 56770 | Depths:2 | Reached skill level 5 in Dodging
 57165 | Depths:3 | Noticed Parghit
 57186 | Depths:3 | Killed Parghit
 57229 | Depths:3 | Noticed Norris
 57241 | Depths:3 | Killed Norris
 57550 | Depths:3 | Found Banaa's Book Shoppe.
 57553 | Depths:3 | Found Vodem's General Store.
 57555 | Depths:3 | Found Vounlunu's Distillery.
 57561 | Depths:3 | Bought a scroll of teleportation for 60 gold pieces
 57561 | Depths:3 | Bought a scroll of blinking for 150 gold pieces
 57563 | Depths:3 | Bought a potion of haste for 230 gold pieces
 57563 | Depths:3 | Bought a potion of heal wounds for 115 gold pieces
 57563 | Depths:3 | Bought a potion of heal wounds for 115 gold pieces
 57778 | Depths:3 | Noticed the Enchantress
 57798 | Depths:3 | Reached XP level 22. HP: 195/196 MP: 34/34
 57811 | Depths:3 | Killed the Enchantress
 57904 | Depths:3 | Noticed a caustic shrike
 57929 | Depths:3 | Killed a caustic shrike
 58318 | Depths:4 | Entered Level 4 of the Depths
 58418 | Depths:4 | Noticed a golden dragon
 58419 | Depths:4 | Noticed Sojobo
 58426 | Depths:4 | Killed a golden dragon
 58443 | Depths:4 | Paralysed by an air elemental for 1 turns
 58447 | Depths:4 | Killed Sojobo
 58919 | Depths:4 | Found a transporter.
 58932 | Depths:4 | Noticed Soesill's ghost (adept DgCj)
 59004 | Depths:4 | Reached skill level 5 in Evocations
 59241 | Depths:4 | Found a transporter.
 59342 | Depths:4 | Found a gate to the Realm of Zot.
 59413 | Depths:4 | Found a radiant altar of Vehumet.
 59949 | Vaults:5 | Entered Level 5 of the Vaults
 60114 | Vaults:5 | Noticed a golden dragon
 60132 | Vaults:5 | Killed a golden dragon
 60222 | Vaults:5 | Identified the +8 chain mail of Jexamid {rElec SInv}
 60357 | Vaults:5 | Reached XP level 23. HP: 176/206 MP: 35/35
 60358 | Vaults:5 | Identified the +4 battleaxe of a bailey {flame, *Rage rC+++
                  | Int+8 Dex-2}
 60448 | Vaults:5 | Identified the +5 shortbow of Shrieking Terror {flame, Fly
                  | rCorr Int+3}
 60573 | Vaults:5 | Noticed a dread lich
 60600 | Vaults:5 | Killed a dread lich
 60692 | Vaults:5 | Got a silver rune of Zot
 61079 | Vaults:5 | Identified the +1 short sword of Baxyfi {venom, Str+2}
 61079 | Vaults:5 | Identified the ring of Fiypaamo {*Slow Will+ Str+4}
 61416 | Vaults:5 | Identified the +4 war axe "Dumairiwuy" {flame, rC- rN++
                  | Will+ Int+2}
 61419 | Vaults:5 | Identified the +2 orcbow of the Other Side {drain, Str+4
                  | Int+3}
 61639 | Crypt:1  | Entered Level 1 of the Crypt
 62391 | Crypt:2  | Identified the +1 plate armour of Entitlement {-Cast Harm
                  | Fly rN+++}
 62542 | Crypt:2  | Found a basalt altar of Yredelemnul.
 62886 | Crypt:3  | Entered Level 3 of the Crypt
 63265 | Crypt:3  | Reached XP level 24. HP: 218/218 MP: 36/36
 63274 | Crypt:3  | Found an ancient bone altar of Kikubaaqudgha.
 63428 | Crypt:3  | Noticed an ancient lich
 63450 | Crypt:3  | Killed an ancient lich
 63513 | Crypt:3  | Got an ivory gem with 298 turns to spare
 64259 | Crypt:3  | Found a staircase to the Tomb.
 64688 | Crypt:3  | Identified the +10 arbalest "Bugadu" {penet, Fly rF+ rCorr
                  | Int-4}
 65349 | Zot:1    | Entered Level 1 of the Realm of Zot
 65423 | Zot:1    | Found a transporter.
 65426 | Zot:1    | Found a transporter.
 65448 | Zot:1    | Found a transporter.
 65834 | Zot:1    | Found a transporter.
 66326 | Zot:2    | Noticed a Killer Klown
 66352 | Zot:2    | Killed a Killer Klown
 66973 | Zot:2    | Identified the +0 quarterstaff of Valuable Assets {drain,
                  | Will+}
 67375 | Zot:3    | Noticed an orb of fire
 67385 | Zot:3    | Reached XP level 25. HP: 232/232 MP: 36/36
 67401 | Zot:3    | Killed an orb of fire
 67661 | Zot:3    | Identified the ring "Emeokhis" {Ice rElec rPois Str-5
                  | Int+2}
 67661 | Zot:3    | Noticed Josephina
 67697 | Zot:3    | Killed Josephina
 67724 | Zot:3    | Reached XP level 26. HP: 211/240 MP: 36/36
 67926 | Zot:3    | Acquired 761 gold pieces
 68929 | Zot:4    | Found a transporter.
 68931 | Zot:4    | Noticed Mikey69's ghost (legendary DsBe)
 68953 | Zot:4    | Identified the +0 robe of Articulation {MP+9 Slay+3}
 68961 | Zot:4    | Found a transporter.
 68962 | Zot:4    | Found a transporter.
 69024 | Zot:4    | Identified the +0 chain mail "Meir Iwu" {Will+}
 69027 | Zot:4    | Found a transporter.
 69030 | Zot:4    | Found a transporter.
 69031 | Zot:4    | Noticed a dread lich
 69035 | Zot:4    | not today, gammafunk
 69041 | Zot:4    | Found a transporter.
 69213 | Zot:4    | Noticed an orb of fire
 69238 | Zot:4    | Gained mutation: You are frail. (-10% HP) [an orb of fire]
 69244 | Zot:4    | Killed an orb of fire
 69245 | Zot:4    | Lost mutation: You are frail. (-10% HP) [potion of
                  | mutation]
 69245 | Zot:4    | Gained mutation: You are frail. (-10% HP) [potion of
                  | mutation]
 69245 | Zot:4    | Gained mutation: You passively dampen the noise of your
                  | surroundings. [potion of mutation]
 69246 | Zot:4    | Lost mutation: You passively dampen the noise of your
                  | surroundings. [potion of mutation]
 69246 | Zot:4    | Lost mutation: You are frail. (-10% HP) [potion of
                  | mutation]
 69246 | Zot:4    | Gained mutation: You have sharp fingernails. [potion of
                  | mutation]
 69279 | Zot:4    | Found a transporter.
 69281 | Zot:4    | Found a transporter.
 69376 | Zot:5    | Entered Level 5 of the Realm of Zot
 69572 | Zot:5    | Reached skill level 10 in Dodging
 70066 | Zot:5    | Noticed an ancient lich
 70067 | Zot:5    | Noticed an ancient lich
 70073 | Zot:5    | Noticed an orb of fire
 70083 | Zot:5    | Noticed an ancient lich
 70084 | Zot:5    | Killed an ancient lich
 70086 | Zot:5    | Killed an ancient lich
 70091 | Zot:5    | Noticed an ancient lich
 70100 | Zot:5    | Noticed a dread lich
 70101 | Zot:5    | Killed an orb of fire
 70106 | Zot:5    | Noticed an ancient lich
 70107 | Zot:5    | Killed an ancient lich
 70111 | Zot:5    | Noticed an ancient lich
 70114 | Zot:5    | Noticed an ancient lich
 70114 | Zot:5    | Killed an ancient lich
 70115 | Zot:5    | Noticed an orb of fire
 70116 | Zot:5    | Killed a dread lich
 70117 | Zot:5    | Noticed a dread lich
 70118 | Zot:5    | Noticed an ancient lich
 70126 | Zot:5    | Killed an ancient lich
 70131 | Zot:5    | Killed an orb of fire
 70134 | Zot:5    | Noticed a dread lich
 70142 | Zot:5    | Killed a dread lich
 70142 | Zot:5    | Noticed a dread lich
 70146 | Zot:5    | Killed an ancient lich
 70148 | Zot:5    | Killed a dread lich
 70149 | Zot:5    | Reached XP level 27. HP: 253/253 MP: 34/37
 70149 | Zot:5    | Killed an ancient lich
 70151 | Zot:5    | Noticed a dread lich
 70152 | Zot:5    | Killed a dread lich
 70330 | Zot:4    | Killed a dread lich
 70401 | Zot:5    | Killed an ancient lich
 71498 | Zot:5    | Got the Orb of Zot
 72057 | D:6      | Noticed Bowehan the pandemonium lord
 72203 | D:1      | Noticed Panneiwk the pandemonium lord
 72213 | D:1      | Killed Panneiwk the pandemonium lord
 72284 | D:1      | this version of crawl seems pretty sick :)
 72287 | D:$      | Escaped with the Orb!

Illustrated notes ........# .....†[.# .......[# ........# ........# ........# ........# .......@# ........# ###.#..## # ##. ## Turn 1177 on D:2: a D2 barding what lol

..........#,.#*...**,,#....<....<
########..#,,,..©.....#.....#....
*..#.,##..[##..#..##.#....
**,,#..*8...8#..#..##......
**,,,#..##.D.##..#..#......#
**,*,,#....ZD.zD..#.........#
****,**,,*..)ZLZZzZZ©#.......###
*,,,***,.#############[......# *
*,,,* *,.......@.............# *
*,,,* *,..................####
**,** *,.....##...#.......#
*,****,...........##.....#*
*,*,,,,<.##......####.....#*
*,*,,,,.,*#...#.## #......#***
*,*,,,,,,*####.## *#.##....#*,
*,**,,,*,****.#*****..©*....#*,
*,*******,,,,,,,,,,,,©,,,,,,*,,


Turn 69035 on Zot:4: not today, gammafunk #.≈≈#.#..#..#.#≈≈###.#.###..###
#.≈≈#.#..#..#.#≈≈###.[..##.)..> #...'.'.8#8.+.'.......#.....###
##≈≈#.#..#..#.#≈≈###....##### #≈≈#.#..#..#.#≈≈# #.#.## #≈≈#.#.....#.#≈≈# #.#.#
##### #≈##+###'###'##≈# #.#.# #.... #≈#..+.....'..#≈# #.#.# #.###
#≈#8.#######.@#≈# #.#.# #.# #≈####≈≈≈≈≈####≈# #.#.# #.# #≈≈≈≈≈≈≈≈≈≈≈≈≈≈≈# #.#.#
#.# #############.### #.#.####.# #.# #........### #.#####..#........
#..........####### #######.########## #........... Turn 72284 on D:1: this
version of crawl seems pretty sick :)

Levels and vault maps discovered:
D:1:      heliophobic_arrival_glass_houses, layout_loops_ring,
          shapermc_ecumenical_altar_petra, serial_shops, shop, nrook_campfire
D:2:      layout_rooms
D:3:      minmay_recursive_quarters, layout_rooms,
          mainiacjoe_overflow_large_starburst
D:4:      layout_basic, gup_sewer_entry_bubbles
D:5:      layout_basic, mainiacjoe_overflow_24_doors, serial_bayou_pond_b,
          minmay_chambers_of_fives, uniq_edmund, uniq_crazy_yiuf_cottage
D:6:      layout_basic, mainiacjoe_overflow_big_doors, uniq_prince_ribbit1
D:7:      layout_rooms, lemuel_tele_altar, temple_hall, kennysheep_flooded_box,
          serial_library_hellmonk_room_c
D:8:      layout_gridville, enter_bailey_2, lightli_minifort, uniq_psyche
D:9:      layout_rooms, serial_shops, nicolae_shop_waterfront, uniq_erica,
          uniq_maggie
D:10:     layout_grid_maze, mainiacjoe_overflow_concentric_impassable,
          dpeg_oklobed_lair, gammafunk_ghost_spectres,
          guppyfry_early_elven_hall, uniq_maurice
D:11:     layout_rooms, david_orc_5
D:12:     layout_stronghold, slow_altar_2
D:13:     minmay_glassy_protrusions, layout_cave_pools,
          skrybe_vaults_entry_preservation, portal_ice_cave_entry_pillars_2,
          nicolae_ru_sacrificial_ziggurat
D:14:     layout_long_grid, abandoned_shop, minmay_misc_feat_enclosed,
          minmay_ruined_shrine
D:15:     hangedman_depths_entry_civil_slaughter, layout_irregular_city,
          hangedman_decor_growths, okawaru_ov_weapons_minmay
Lair:1:   layout_hall_layers, nicolae_volcano_entry_lava_flow
Lair:2:   layout_regular_city, gammafunk_ghost_grave
Lair:3:   layout_small_grid, skrybe_swamp_entry_bodies,
          nicolae_spider_entry_non_spiders, eino_small_chamber_without_monster,
          infiniplex_staircase_pool_2, grunt_megastairs_2, uniq_nergalle
Lair:4:   layout_layer_cave, slime_entry_1, kennysheep_basilisk_garden
Lair:5:   gammafunk_lair_ancient_temple, layout_gridlike,
          gauntlet_entry_generic, serial_bayou_shore_a, lemuel_fruit_tree
Swamp:1:  layout_falls_marsh, evilmike_swamp_ruin_rubble_2, swamp_pool_3,
          infiniplex_staircase_pool
Swamp:2:  layout_falls_marsh, serial_swamp_ruin, evilmike_swamp_ruin_rubble_1,
          evilmike_swamp_ruin_house_5, evilmike_swamp_ruin_house_6,
          swamp_pool_4, nicolae_swamp_decorative_isthmus
Swamp:3:  layout_basic_swamp, hellmonk_ghost_happy_afterlife,
          evilmike_swamp_ruin_house_3, nicolae_swamp_drake_lake
Swamp:4:  swamp_fiery, layout_basic_swamp, swamp_pool_1_2,
          nicolae_swamp_no_escape
Spider:1: layout_spider_delve, drop_trap, uniq_mlioglotl
Spider:2: nicolae_spider_hilbert_zone_5 [nicolae_spider_hilbert_3_sides_1_open,
          nicolae_spider_hilbert_4_sides_1_open,
          nicolae_spider_hilbert_4_sides_1_open,
          nicolae_spider_hilbert_6_sides_1_open,
          nicolae_spider_hilbert_6_sides_1_open], nicolae_spider_claw_tunnel
Spider:3: layout_cave_pods, special_room [special_room_bee], hellmonk_test_site
Spider:4: grunt_spider_rune_parallel, nicolae_spider_undead_wolf_pack
Orc:1:    layout_caves
Orc:2:    grunt_orc_community_town_hall, layout_caves,
          grunt_orc_community_big_house_2, grunt_orc_community_big_house_1,
          grunt_orc_community_house_2, grunt_orc_community_house_1,
          grunt_orc_community_house_3, grunt_orc_community_house_2,
          grunt_orc_community_house_2
Elf:1:    eino_elf_arrival_customs, layout_loops_ring, serial_shops, shop,
          hangedman_elven_crosses_minicolossus
Elf:2:    nicolae_elf_blades_splatter_lattice [nooodl_blade_entry_preview],
          layout_geoelf_diagonals
Elf:3:    minmay_elf_hall_quartered_circle, layout_loops_cross, serial_shops,
          shop
Vaults:1: nicolae_vaults_diagonal_hallway_7, ontoclasm_vaults_fault,
          ontoclasm_vaults_ring_square, nicolae_vaults_little_squares_3,
          hangedman_vaults_capsules, ontoclasm_vaults_gateway,
          nicolae_vaults_enemy_cabinets, nicolae_vaults_mitosis,
          vaults_mumra_chevron, nicolae_vaults_octothorpe, ontoclasm_vaults_eye,
          nicolae_vaults_asterisk, nicolae_vaults_yaktaur_gun_rack,
          vaults_dpeg_encased_lava, layout_vaults_omnibox
Vaults:2: v_misc_25, v_misc_12, grunt_vaults_twisty,
          minmay_crypt_entry_necro_gods, ontoclasm_vaults_twist,
          nicolae_vaults_trapezoid_layered, st_lines, ontoclasm_vaults_spin,
          hangedman_vaults_impose, vaults_dpeg_ring,
          nicolae_vaults_tetromino_Z_1, nicolae_vaults_heist,
          nicolae_vaults_network_barrier, nicolae_vaults_storage_closets_1,
          layout_vaults_maze_bifur
Vaults:3: nicolae_vaults_shipping_containers_5, v_misc_24,
          nicolae_vaults_what_the_h, nicolae_vaults_wrenched,
          nicolae_vaults_trapezoid_lopsided_4, vaults_room_boxed, v_pattern_1,
          vaults_dpeg_emergency_exit, nicolae_vaults_sealed_display,
          nicolae_vaults_house_2, layout_vaults_big_cross
Vaults:4: gammafunk_ghost_split, ontoclasm_vaults_hangar,
          nicolae_vaults_closet_pinwheel_2, grunt_tower_of_power, v_misc_19,
          nicolae_vaults_tetromino_Z_1, v_misc_17, vaults_mumra_lcd,
          nicolae_vaults_diamond_1, layout_vaults_omnigrid
Vaults:5: serial_shops
Crypt:1:  layout_chaotic_city
Crypt:2:  layout_gridlike, hangedman_blasphemy
Crypt:3:  evilmike_haunted_forest
Depths:1: layout_cave_pools, pan_entry, chequers_serial_rivers_large_b,
          abyss_entry_small_statue_room, hell_entry,
          nicolae_inconvenience_store, nicolae_shop_firing_range,
          minmay_shoptagon
Depths:2: minmay_diamond_stairs, layout_gridlike, enter_ziggurat_c,
          lightli_too_deep, rand_demon_pan_entry_1, minmay_staircase_bubble
Depths:3: minmay_outward_triangles, layout_small_grid, minmay_room_of_horrors,
          pf_coc_iceberg, hangedman_abyss_or_decor_stabs, minmay_shop_star,
          uniq_parghit, uniq_enchantress, uniq_norris
Depths:4: grunt_zot_entry_gee_three, layout_honeycomb, nicolae_vehumet_radiance,
          gammafunk_ghost_arena, grunt_hell_entry_dis_grunt, uniq_sojobo
Zot:1:    layout_twisted_circle, hangedman_zot_decor_unnerving_road,
          regret_index_zotdec_split_disrupt, nicolae_transporter_circle
Zot:2:    layout_onion, regret_index_zotdec_twisting_globes,
          regret_index_zotdec_ex
Zot:3:    layout_basic, grunt_megastairs_3, uniq_josephina
Zot:4:    layout_misc_corridors, regret_index_zotdec_gossamer_gf,
          gammafunk_ghost_mausoleum, serial_nicolae_subway,
          nicolae_sub_station_crystal, nicolae_sub_station_stone,
          nicolae_sub_station_metal
Zot:5:    layout_gridlike, nicolae_zot_crop_circle

Skill      XL: |  1  2  3  4  5  6  7  8  9 10 11 12 13 14 15 16 17 18 19 20 21 22 23 24 25 26 27 |
---------------+----------------------------------------------------------------------------------+-----
Fighting       | 1 2 3 4 5 6 7 8 9 10 11 12 13 15 16 17 18 20 21 22 | 22.3
Invocations    | 1 2 3 4 5 6 7 8 10 11 12 13 14 15 16 17 18 19 20 | 20.3
Axes           | 1 2 3 4 5 7 8 9 10 12 13 14 15 16 17 | 17.9
Armour         | 1 2 3 4 5 7 8 9 10 11 12 13 14 15 16 17 18 19 20 21 22 23 | 23.0
Shields        | 3 6 8 9 10 11 13 15 16 17 19 20 21 22 23 | 23.7
Dodging        | 3 5 6 8 9 10 11 | 11.0
Evocations     | 3 6 8 |  8.0
Polearms       | |  0.1
Stealth        | |  2.1
Spellcasting   | |  1.7
Conjurations   | |  3.8

Action                     |  1- 3 |  4- 6 |  7- 9 | 10-12 | 13-15 | 16-18 | 19-21 | 22-24 | 25-27 || total
---------------------------+-------+-------+-------+-------+-------+-------+-------+-------+-------++-------
  Melee: Spear             |     8 |       |       |       |       |       |       |       |       ||     8
         Tailslap          |     3 |     4 |    52 |   271 |   337 |   403 |   481 |   619 |   271 ||  2441
         Broad axe         |    10 |    37 |    73 |       |   614 |  1676 |  1655 |  1926 |   785 ||  6776
         Hand axe          |       |       |   205 |   395 |       |       |       |       |       ||   600
         Punch             |       |       |     2 |       |       |       |       |       |       ||     2
         War axe           |       |       |       |   759 |   752 |       |       |       |       ||  1511
         Trident           |       |       |       |       |     4 |       |    48 |       |       ||    52
  Throw: Dart              |       |     4 |    11 |    47 |     3 |     1 |       |       |       ||    66
   Cast: Magic Dart        |    86 |   175 |   125 |    48 |       |       |       |       |       ||   434
         Mercury Vapours   |       |    10 |    31 |     9 |       |       |       |       |       ||    50
 Invoke: Divine Shield     |     1 |     1 |     2 |     4 |    12 |     9 |     8 |    13 |     4 ||    54
         Summon Divine War |       |       |       |     2 |    12 |     8 |     6 |     6 |     5 ||    39
         Cleansing Flame   |       |       |       |     2 |     4 |     5 |     2 |    17 |    19 ||    49
         Brand Weapon With |       |       |       |       |       |     1 |       |       |       ||     1
  Evoke: Wand              |       |       |     1 |    15 |     5 |    18 |     2 |     4 |     2 ||    47
         Sack of spiders   |       |       |       |     2 |       |       |       |       |       ||     2
         Phantom mirror    |       |       |       |     1 |       |       |       |       |       ||     1
    Use: Potion            |     1 |       |       |     3 |     1 |     4 |     2 |     3 |    12 ||    26
         Scroll            |       |     7 |    15 |     6 |    14 |    15 |    11 |     5 |    13 ||    86
 Armour: Leather armour    |    44 |    65 |   159 |       |       |       |       |       |       ||   268
         Robe              |     1 |       |       |       |       |       |       |       |       ||     1
         Ring mail         |       |       |   149 |     9 |       |       |       |       |       ||   158
         Fire dragon scale |       |       |       |   936 |  1085 |  1372 |   756 |       |       ||  4149
         Gold dragon scale |       |       |       |       |       |       |    26 |   698 |   354 ||  1078
  Dodge: Dodged            |    15 |    25 |   114 |   320 |   412 |   512 |   234 |   186 |    75 ||  1893
  Block: Other             |     6 |     1 |     2 |       |       |       |       |       |       ||     9
         Buckler           |       |       |    18 |    35 |       |       |       |       |       ||    53
         Kite shield       |       |       |       |   527 |   657 |       |       |       |       ||  1184
         Tower shield      |       |       |       |       |   720 |  1992 |  1233 |  1607 |   635 ||  6187
